Map: Bel'Shir Vestige LE (Void)

Players

Creature

  • Race: Protoss Protoss
  • Spawn Location: 5:00

Mokomi - Winner!

  • Race: Protoss Protoss
  • Spawn Location: 11:00

Event: WCS Austin 2017

VOD

Have the link to the VOD?

Description

Time

  • Played on: April 28, 2017, 3:19 p.m.
  • Length: 35:18

All games in this series

Show
View Real Time Build Order
Export as new Build Order

Creature Protoss 

Build Orders: Blink Stalkers 

Get SALT Encoding   

  12  0:01  Probe (Chrono Boost)  
  13  0:11  Probe (Chrono Boost)  
  14  0:17  Pylon  
  14  0:22  Probe (Chrono Boost)  
  16  0:35  Probe (Chrono Boost)  
  16  0:37  Gateway  
  16  0:46  Probe (Chrono Boost)  
  16  0:47  Assimilator  
  17  0:52  Assimilator  
  18  0:57  Probe (Chrono Boost)  
  18  1:04  Gateway  
  18  1:08  Probe (Chrono Boost)  
  19  1:19  Probe (Chrono Boost)  
  19  1:25  Cybernetics Core  
  20  1:29  Probe (Chrono Boost)  
  21  1:33  Pylon  
  21  1:40  Probe (Chrono Boost)  
  22  1:50  Probe (Chrono Boost)  
  22  1:51  Warp Gate  
  24  2:02  Mothership Core (Chrono Boost)  
  24  2:04  Stalker  
  24  2:08  Stalker  
  29  2:21  Probe (Chrono Boost)  
  29  2:22  Pylon  
  30  2:40  Stalker x2  
  34  3:12  Nexus  
  34  3:18  Probe (Chrono Boost), Stalker  
  39  3:24  Twilight Council  
  37  3:27  Pylon  
  37  3:32  Probe (Chrono Boost)  
  38  3:44  Probe (Chrono Boost)  
  38  3:45  Blink  
  38  3:48  Robotics Facility  
  40  3:56  Probe (Chrono Boost)  
  40  4:02  Sentry  
  42  4:08  Probe (Chrono Boost)  
  43  4:17  Stalker  
  45  4:20  Probe (Chrono Boost)  
  46  4:26  Probe (Chrono Boost)  
  48  4:32  Probe (Chrono Boost)  
  48  4:36  Probe (Chrono Boost)  
  48  4:37  Observer  
  50  4:41  Stalker  
  50  4:45  Probe (Chrono Boost)  
  53  4:47  Probe (Chrono Boost)  
  53  4:50  Forge  
  54  4:57  Probe x2 (Chrono Boost), Pylon  
  57  5:00  Observer  
  57  5:04  Stalker  
  57  5:06  Stalker  
  61  5:09  Probe (Chrono Boost)  
  62  5:15  Probe (Chrono Boost)  
  62  5:18  Pylon  
  64  5:21  Probe (Chrono Boost)  
  64  5:22  Assimilator  
  64  5:25  Assimilator  
  64  5:26  Probe (Chrono Boost)  
  64  5:27  Protoss Ground Weapons Level 1  
  65  5:33  Photon Cannon  
  65  5:38  Probe (Chrono Boost)  
  65  5:39  Probe (Chrono Boost)  
  67  5:49  Probe (Chrono Boost)  
  68  5:52  Probe (Chrono Boost)  
  69  5:59  Probe (Chrono Boost)  
  69  6:00  Immortal  
  75  6:04  Probe (Chrono Boost)  
  75  6:05  Nexus  
  75  6:10  Probe (Chrono Boost)  
  75  6:11  Stalker  
  77  6:19  Templar Archives  
  77  6:20  Probe (Chrono Boost)  
  77  6:24  Pylon  
  76  6:29  Probe (Chrono Boost)  
  77  6:36  Gateway x2  
  77  6:38  Gateway  
  77  6:42  Gateway  
  77  6:45  Probe (Chrono Boost)  
  77  6:46  Probe (Chrono Boost)  
  79  6:58  Dark Shrine  
  79  7:00  Probe (Chrono Boost)  
  78  7:02  Probe (Chrono Boost)  
  78  7:03  Pylon  
  78  7:06  Immortal  
  78  7:08  High Templar  
  85  7:12  Pylon  
  86  7:15  Probe (Chrono Boost)  
  86  7:17  High Templar, Probe (Chrono Boost)  
  86  7:21  Probe (Chrono Boost)  
  90  7:26  Psionic Storm  
  90  7:27  Probe (Chrono Boost)  
  90  7:28  Probe (Chrono Boost)  
  92  7:31  Probe (Chrono Boost)  
  92  7:36  Pylon  
  93  7:38  Probe (Chrono Boost)  
  93  7:40  Protoss Ground Weapons Level 2, Probe (Chrono Boost)  
  93  7:42  Probe (Chrono Boost)  
  96  7:46  Assimilator  
  96  7:49  Probe (Chrono Boost)  
  96  7:50  Assimilator  
  97  7:52  High Templar  
  99  8:00  Probe (Chrono Boost)  
  99  8:01  Probe (Chrono Boost)  
  99  8:05  Probe (Chrono Boost)  
  102  8:11  Charge  
  103  8:13  Probe (Chrono Boost)  
  103  8:18  Zealot x3  
  103  8:19  Zealot  
  111  8:20  Pylon  
  111  8:23  Pylon  
  111  8:24  Photon Cannon  
  111  8:25  Pylon  
  111  8:27  Dark Templar  
  114  8:35  Probe (Chrono Boost)  
  114  8:40  Stalker x2  
  118  8:42  Adept x3  
  118  8:47  Immortal  
  128  8:55  Pylon  
  122  9:07  Probe (Chrono Boost), Dark Templar x3  
  115  9:11  Dark Templar x2  
  112  9:18  Archon  
  112  9:20  Archon  
  112  9:21  Probe (Chrono Boost)  
  109  9:26  Pylon  
  109  9:27  Immortal, Pylon  
  103  9:31  Stalker x2  
  103  9:32  Stalker  
  106  9:39  Stalker  
  107  9:46  Pylon  
  100  9:55  Stalker x4  
  97  10:06  Immortal  
  65  10:11  Probe (Chrono Boost)  
  53  10:15  Stalker x2  
  51  10:30  Probe (Chrono Boost)  
  51  10:39  Stalker  
  51  10:40  Stalker x2  
Show
View Real Time Build Order
Export as new Build Order

Mokomi Protoss - Winner!

Build Orders: Oracle Opening, Phoenix Opening 

Get SALT Encoding   

  12  0:01  Probe (Chrono Boost)  
  13  0:11  Probe (Chrono Boost)  
  14  0:18  Pylon  
  14  0:22  Probe (Chrono Boost)  
  15  0:36  Probe (Chrono Boost)  
  15  0:37  Gateway  
  15  0:41  Assimilator  
  16  0:47  Probe (Chrono Boost)  
  17  0:50  Assimilator  
  17  0:57  Probe (Chrono Boost)  
  18  1:06  Gateway  
  18  1:08  Probe (Chrono Boost)  
  20  1:18  Probe (Chrono Boost)  
  20  1:24  Cybernetics Core  
  20  1:29  Probe (Chrono Boost)  
  20  1:32  Pylon  
  21  1:39  Probe (Chrono Boost)  
  22  1:50  Probe (Chrono Boost)  
  23  2:00  Probe (Chrono Boost), Adept x2  
  23  2:01  Warp Gate  
  28  2:10  Stargate  
  28  2:23  Pylon  
  28  2:26  Mothership Core (Chrono Boost)  
  30  2:41  Stalker  
  32  2:44  Probe (Chrono Boost)  
  33  3:05  Oracle  
  31  3:11  Nexus  
  34  3:15  Probe (Chrono Boost)  
  33  3:24  Pylon  
  34  3:28  Probe (Chrono Boost)  
  34  3:38  Phoenix  
  34  3:40  Probe (Chrono Boost)  
  37  3:52  Probe (Chrono Boost)  
  37  3:53  Assimilator  
  38  4:00  Phoenix  
  39  4:04  Probe (Chrono Boost)  
  41  4:16  Probe (Chrono Boost)  
  42  4:22  Phoenix  
  42  4:25  Probe (Chrono Boost)  
  42  4:28  Probe (Chrono Boost)  
  46  4:36  Probe (Chrono Boost)  
  47  4:40  Probe (Chrono Boost)  
  47  4:41  Robotics Facility  
  47  4:43  Phoenix  
  47  4:44  Assimilator  
  48  4:46  Probe (Chrono Boost)  
  48  4:51  Sentry  
  48  4:52  Probe (Chrono Boost)  
  54  4:56  Pylon  
  54  5:06  Void Ray  
  58  5:16  Probe (Chrono Boost)  
  58  5:17  Probe (Chrono Boost)  
  60  5:21  Pylon  
  60  5:28  Probe (Chrono Boost)  
  66  5:29  Probe (Chrono Boost)  
  62  5:40  Probe (Chrono Boost)  
  62  5:41  Probe (Chrono Boost)  
  64  5:43  Void Ray  
  64  5:44  Immortal  
  72  5:52  Probe (Chrono Boost)  
  72  5:53  Probe (Chrono Boost)  
  72  5:54  Pylon  
  74  6:03  Pylon  
  74  6:16  Twilight Council  
  74  6:19  Pylon  
  74  6:20  Observer  
  74  6:21  Void Ray  
  75  6:31  Nexus  
  79  6:32  Pylon  
  79  6:35  Probe (Chrono Boost)  
  79  6:37  Stalker  
  82  6:40  Immortal  
  82  6:46  Probe (Chrono Boost)  
  87  6:49  Gateway  
  87  6:52  Resonating Glaives  
  87  7:02  Void Ray  
  91  7:12  Gateway  
  91  7:13  Sentry, Gateway  
  93  7:18  Gateway  
  93  7:21  Probe (Chrono Boost), Pylon  
  94  7:25  Warp Prism  
  96  7:37  Pylon  
  96  7:40  Probe (Chrono Boost)  
  96  7:41  Void Ray  
  96  7:43  Adept x2  
  101  7:50  Probe (Chrono Boost)  
  108  7:51  Probe (Chrono Boost)  
  108  7:52  Probe (Chrono Boost)  
  108  8:02  Adept  
  110  8:14  Templar Archives  
  110  8:18  Adept x5  
  119  8:34  Assimilator, Probe (Chrono Boost)  
  119  8:36  Assimilator  
  119  8:38  Pylon, Adept x3  
  119  8:39  Adept x2  
  127  8:59  Adept  
  127  9:00  Adept x5  
  134  9:07  Observer  
  130  9:10  Forge  
  130  9:22  Adept x6  
  140  9:41  Probe (Chrono Boost)  
  127  9:54  Adept x6  
  121  10:06  Void Ray  
  105  10:14  Immortal  
  107  10:17  Adept x3  
  107  10:20  High Templar x2  
  117  10:28  Archon  
  115  10:29  High Templar  
  118  10:37  Probe x2 (Chrono Boost)  
  118  10:41  High Templar, Adept x2  
  125  10:45  Archon  
  125  10:46  Void Ray  
  125  10:49  Adept  
Tags
 
Add a new tag
Caveats
  • Supply blocks, unpowered buildings, or Contaminate may cause inaccurate times.
  • Supply counts are checked every 10 seconds.